 Dungeon Crawl Stone Soup version 0.31-a0-1101-g9ad1905 (webtiles) character file.

Game seed: 537398626778514951

536 Mogumi the Ruffian (level 7, 0/51 HPs)
             Began as an Armataur Artificer on Dec 1, 2023.
             Was an Elder of Jiyva.
             Succumbed to a kobold brigand's curare-tipped dart
             ... in a sewer.
             The game lasted 00:03:32 (2620 turns).

Mogumi the Ruffian (Armataur Artificer)             Turns: 2620, Time: 00:03:33

Health: 0/51       AC:  5    Str: 20    XL:     7   Next: 4%
Magic:  7/7        EV:  9    Int: 13    God:    Jiyva [****..]
Gold:   72         SH:  0    Dex: 10    Spells: 6/6 levels left

rFire   + . .        m - +12 sling of Ijelecef {flame, rF+ rC- Will+ Int+2}
rCold   . . .        (no shield)
rNeg    . . .        b - +0 leather armour
rPois   .            (no helmet)
rElec   .            (no cloak)
rCorr   +            q - +0 pair of gloves
SInv    +            (no barding)
Will    ++++.        (no amulet)
Stlth   +            a - ring of protection from cold
HPRegen 1.56/turn    n - ring of see invisible
MPRegen 0.50/turn

%: roll
@: brilliant, lethally poisoned (0 -> -25), slowed, very slow
A: large, deformed body, tough skin 3, armoured tail, roll 2, long tongue,
strong-willed 3, acidic bite
a: Renounce Religion, Oozemancy, Slimify


You were in a sewer.
You worshipped Jiyva.
Jiyva was greatly pleased with you.
You visited 1 branch of the dungeon, and saw 5 of its levels.
You also visited: Sewer.

You collected 72 gold pieces.

Inventory:

Hand Weapons
 m - the +12 sling of Ijelecef (weapon) {flame, rF+ rC- Will+ Int+2}
   (You found it on level 3 of the Dungeon)

   Int+2:     It affects your intelligence (+2).
   rF+:       It protects you from fire.
   rC-:       It makes you vulnerable to cold.
   Will+:     It increases your willpower.
Armour
 b - a +0 leather armour (worn)
 q - a +0 pair of gloves (worn)
Jewellery
 a - a ring of protection from cold (left hand)
 n - a ring of see invisible (right hand)
Wands
 c - a wand of flame (14)
 d - a wand of charming (15)
 e - a wand of iceblast (2)
Scrolls
 h - 8 scrolls of identify {unknown}
 i - a scroll of poison {unknown}
 j - 2 scrolls of enchant armour {unknown}
 l - a scroll of enchant weapon {unknown}
 o - a scroll of fog {unknown}
 p - 2 scrolls of teleportation {unknown}
Potions
 g - a potion of haste {unknown}
 k - a potion of curing {unknown}
 r - a potion of invisibility {unknown}


   Skills:
 - Level 0.8 Fighting
 - Level 2.4 Armour
 - Level 0.6 Dodging
 - Level 1.1 Stealth
 * Level 6.7 Unarmed Combat
 - Level 3.0 Evocations


You had 6 spell levels left.
You didn't know any spells.
Your spell library contained the following spells:

 Spells                   Type           Power      Damage    Failure   Level
 Foxfire                  Conj/Fire      0%         2x1d4     34%         1
 Sting                    Tmut/Pois      0%         1d3       34%         1
 Poisonous Vapours        Pois/Air       0%         N/A       47%         2
 Olgreb's Toxic Radiance  Pois           0%         N/A       98%         4
 Plasma Beam              Fire/Air       0%         2x1d10    100%        6
 Starburst                Conj/Fire      0%         6d3       100%        6


Dungeon Overview and Level Annotations

Branches:
Dungeon (5/15)              Sewer (1/1)
 Temple: D:4-7

Altars:
Dithmenos
Jiyva


Innate Abilities, Weirdness & Mutations

Armour fits poorly on your strangely shaped body.
You have extremely tough skin. (AC +3)
You have a long armoured tail.
You roll and regenerate health when moving toward enemies. (Rampage Heal)
Your long tongue fully drains potion bottles. (2x potion effects)
You are extremely strong-willed. (Will+++)
You have acidic saliva.


Message History

The kobold brigand is wielding a +0 short sword and quivering curare-tipped darts.
The kobold brigand throws a curare-tipped dart.
The curare-tipped dart hits you.
You are poisoned.
You have difficulty breathing.
You feel yourself slow down.
There are monsters nearby!
There are monsters nearby!
There are monsters nearby!
You shoot a sling bullet. The sling bullet hits the rat.
The sling bullet burns the rat.
You kill the rat!
You feel extremely sick.
The kobold brigand throws a curare-tipped dart.
The curare-tipped dart hits you.
You are more poisoned.
You have difficulty breathing.
You feel as though you will be slow longer.
You shoot a sling bullet.
The sling bullet completely misses the kobold brigand.
You feel extremely sick.
The kobold brigand throws a curare-tipped dart.
The curare-tipped dart hits you.
You are more poisoned.
You have difficulty breathing.
You feel as though you will be slow longer.
The kobold brigand throws a curare-tipped dart.
The curare-tipped dart hits you.
You are lethally poisoned!
You have difficulty breathing.
* * * LOW HITPOINT WARNING * * *
You feel as though you will be slow longer.
You are too injured to fight recklessly!
There is a lethal amount of poison in your body!
You are too injured to fight recklessly!
You are too injured to fight recklessly!
You are too injured to fight recklessly!
It was a potion of brilliance.
You feel clever all of a sudden.
You slurp down every last drop of the potion of brilliance!
You die...

##### ####### #.
.#.#.# #.#.#.# #~
K#)#~# #†#~#~# #~
~#~#~# #~#~#~#
~#~#~#~# #~#)#J#
~~~#~~.# #~~~#~~
#~###~## ##~###~
#~# #~# #~# #~
#@###~# #~###J
#.~~~.# #~~~~.
##~~~## ##~~~#
#~.~# #..~# #..~#
#.~.# #~~~##
##...# #.~~~##
##.~~~#
#~~~~~#####.~~~~#
##..~~~~.~~.~~.##


You could see a kobold brigand.

Vanquished Creatures
  Sigmund (D:2)
  A black bear (D:4)
  A kobold brigand (Sewer)
  An iguana (D:4)
  An orc wizard (D:4)
  7 adders
  2 river rats (D:5)
  6 worms
  A dart slug (D:3)
  4 orcs
  5 bats
  2 giant cockroaches
  4 hobgoblins
  5 quokkas
  3 ball pythons
  2 frilled lizards (D:1)
  7 goblins
  6 kobolds
  8 rats
67 creatures vanquished.

Vanquished Creatures (others)
  3 scorpions
  2 jellies (D:3)
  A river rat (D:5)
  3 gnolls (D:3)
  2 endoplasms
  An orc (D:3)
  2 ball pythons
  A kobold (D:3)
15 creatures vanquished.

Grand Total: 82 creatures vanquished

Notes
Turn   | Place    | Note
-------+----------+-------------------------------------------
     0 | D:1      | Mogumi the Armataur Artificer began the quest for the Orb.
     0 | D:1      | Reached XP level 1. HP: 15/15 MP: 1/1
   419 | D:1      | Reached skill level 1 in Unarmed Combat
   457 | D:1      | Reached XP level 2. HP: 14/22 MP: 2/2
   794 | D:1      | Found a faded altar of an unknown god.
   808 | D:1      | Prayed at the altar of an unknown god.
   808 | D:1      | Became a worshipper of Jiyva Jesiynk the Shapeless
   808 | D:1      | Reached * piety under Jiyva
   951 | D:2      | Noticed Sigmund
   955 | D:2      | Reached skill level 2 in Unarmed Combat
   961 | D:2      | Killed Sigmund
   962 | D:2      | Reached skill level 4 in Unarmed Combat
   962 | D:2      | Reached XP level 3. HP: 20/27 MP: 3/3
   962 | D:2      | Reached XP level 4. HP: 25/34 MP: 4/4
   962 | D:2      | Reached XP level 5. HP: 28/39 MP: 5/5
  1186 | D:2      | Reached ** piety under Jiyva
  1594 | D:3      | Identified the +12 sling of Ijelecef {flame, rF+ rC- Will+
                  | Int+2}
  1637 | D:3      | Reached skill level 5 in Unarmed Combat
  1834 | D:3      | Reached *** piety under Jiyva
  1921 | D:3      | Gained mutation: You are strong-willed. (Will+) [Jiyva's
                  | grace]
  1921 | D:3      | Gained mutation: You are highly strong-willed. (Will++)
                  | [Jiyva's grace]
  1921 | D:3      | Gained mutation: You are extremely strong-willed. (Will+++)
                  | [Jiyva's grace]
  1921 | D:3      | Gained mutation: You have acidic saliva. [Jiyva's grace]
  1983 | D:4      | Found a shadowy altar of Dithmenos.
  2021 | D:4      | Noticed a black bear
  2041 | D:4      | Killed a black bear
  2042 | D:4      | Reached XP level 6. HP: 22/46 MP: 6/6
  2140 | D:4      | Reached **** piety under Jiyva
  2273 | D:4      | Reached skill level 6 in Unarmed Combat
  2410 | D:5      | Entered Level 5 of the Dungeon
  2505 | D:5      | Found a glowing drain.
  2513 | Sewer    | Entered a sewer
  2585 | Sewer    | Gained mutation: You roll and regenerate health when moving
                  | toward enemies. (Rampage Heal) [Armataur growth]
  2585 | Sewer    | Reached XP level 7. HP: 47/51 MP: 7/7
  2620 | Sewer    | Succumbed to a kobold brigand's curare-tipped dart

Illustrated notes

Levels and vault maps discovered:
D:1:      wander_arrival_desolate, layout_basic,
          hellmonk_ecumenical_altar_zigzags, chequers_jeans
D:2:      layout_loops_ring, uniq_sigmund
D:3:      layout_loops_ring
D:4:      layout_cave_pools, overflow_temple_1_default,
          chequers_serial_rivers_small_b
D:5:      layout_loops_corners, nicolae_overflow_hidden_temple,
          lightli_sewer_entry_pipes, minmay_misc_feat_chi, uniq_grinder
Sewer:    sewer_co_tree

Skill      XL: |  1  2  3  4  5  6 |
---------------+-------------------+-----
Unarmed Combat | 1 4 5 6 |  6.7
Fighting       | |  0.8
Armour         | |  2.4
Dodging        | |  0.6
Stealth        | |  1.1
Evocations     | |  3.0

Action                     |  1- 3 |  4- 6 |  7- 9 || total
---------------------------+-------+-------+-------++-------
  Melee: Club              |    39 |    10 |       ||    49
         Tailslap          |     9 |     6 |       ||    15
         Punch             |     1 |     4 |       ||     5
         Unarmed           |       |    37 |       ||    37
   Fire: Sling             |       |    70 |     2 ||    72
  Evoke: Wand              |     3 |     1 |       ||     4
    Use: Potion            |       |       |     1 ||     1
   Stab: Sleeping          |     1 |     1 |       ||     2
 Armour: Leather armour    |    26 |    46 |       ||    72
  Dodge: Dodged            |    27 |    21 |       ||    48

Table legend: (Time is in decaauts)
 A = Elapsed time spent in this place.
 B = Non-inter-level travel time spent in this place.
 C = Inter-level travel time spent in this place.
 D = Time resting spent in this place.
 E = Time spent auto-exploring this place.
 F = Levels seen in this place.
 G = Mean time per level.
                   A        B        C        D        E       F      G
               +--------+--------+--------+--------+--------+-----+--------+
         Total |   2660 |   2509 |    151 |      0 |   2109 |   6 |  443.3 |
       Dungeon |   2548 |   2397 |    151 |      0 |   2017 |   5 |  509.6 |
         Sewer |    111 |    111 |      0 |      0 |     92 |   1 |  111.0 |
               +--------+--------+--------+--------+--------+-----+--------+

Top non-repeatable levels by time:
     D:1: 920 daAuts
     D:2: 611 daAuts
     D:3: 464 daAuts
     D:4: 438 daAuts
     D:5: 113 daAuts
   Sewer: 111 daAuts
